 Dungeon Crawl Stone Soup version 0.24-a0-458-gfcb5e6da0e (webtiles) character file.

Game seed: 9116848805274560540

46 Mithandil the Conjurer (level 3, -4/19 HPs)
             Began as a Deep Elf Conjurer on June 27, 2019.
             Slain by a gnoll
             ... wielding a +0 spear
              (9 damage)
             ... on level 2 of the Dungeon.
             The game lasted 00:13:50 (568 turns).

Mithandil the Conjurer (Deep Elf Conjurer)           Turns: 568, Time: 00:13:50

Health: -4/19      AC:  2    Str:  5    XL:     3   Next: 46%
Magic:  2/10       EV: 13    Int: 20    God:
Gold:   18         SH:  0    Dex: 15    Spells: 6/9 levels left

rFire    + . .     SeeInvis .   d - +1 spear
rCold    + + .     Gourm    .   (no shield)
rNeg     . . .     Faith    .   a - +0 robe
rPois    .         Spirit   .   (no helmet)
rElec    .         Reflect  .   h - scarf {rC+ rF+}
rCorr    .         Harm     .   (no gloves)
MR       .....                  (no boots)
Stlth    ++........             (no amulet)
HPRegen  0.06/turn              l - ring of protection from cold
MPRegen  0.12/turn              (no ring)

@: no status effects
A: no striking features
a: no special abilities


You were on level 2 of the Dungeon.
You were not hungry.

You visited 1 branch of the dungeon, and saw 2 of its levels.

You collected 18 gold pieces.

Inventory:

Hand Weapons
 d - a +1 spear (weapon)
Missiles
 f - 3 stones (quivered)
 k - 28 bolts
Armour
 a - a +0 robe (worn)
 h - a scarf of resistance (worn)
Jewellery
 l - a ring of protection from cold (left hand)
Scrolls
 b - a scroll of identify
 i - a scroll of remove curse
Potions
 e - a potion of curing {unknown}
 g - a potion of haste {unknown}
 j - a potion of flight {unknown}
Comestibles
 c - 3 rations


   Skills:
 + Level 3.2 Dodging
 + Level 3.2 Stealth
 + Level 3.6 Spellcasting
 + Level 4.8 Conjurations


You had 6 spell levels left.
You knew the following spells:

 Your Spells              Type           Power        Failure   Level  Hunger
a - Magic Dart            Conj           ###.         1%          1    None
b - Searing Ray           Conj           ###...       2%          2    ##.....

Your spell library contained the following spells:

 Spells                   Type           Power        Failure   Level  Hunger
 Dazzling Spray           Conj/Hex       ##....       16%         3    ###....
 Iskenderun's Mystic Bla  Conj           ###.....     19%         4    ####...
 Force Lance              Conj/Tloc      ##......     45%         4    ####...
 Fulminant Prism          Conj/Hex       ##........   45%         4    ####...


Dungeon Overview and Level Annotations

Branches:
Dungeon (2/15)

Altars:


Message History

The searing ray hits the gnoll!
The gnoll is severely wounded.
You finish channeling your searing ray.
A gnoll comes into view. It is wielding a +0 spear.
The gnoll shouts!
The gnoll barely misses you. The gnoll hits you with a +0 whip!
* * * LOW HITPOINT WARNING * * *
Casting: Searing Ray (safe; 2% risk of failure)
Confirm with . or Enter, or press ? or * to list all spells.
Aiming: Searing Ray (safe; 2% risk of failure)
Press: ? - help, Shift-Dir - straight line, f - gnoll
Aim: a gnoll, wielding a +0 whip (severely wounded)
The searing ray hits the gnoll.
The gnoll is severely wounded. (Press . to maintain the ray.)
The gnoll barely misses you.
The searing ray misses the gnoll.
The gnoll hits you from afar with a +0 spear!
You die...

######## . #......# ..
#......# ...# #......#
..... #......#
...........$..##@##.###
........ #..gg.##..#
........ #...#####.#
........ #... #.#
.>.....# #.... #.#
.......$ ....## #.#
........###.. ####.#
<....... ##. #....##
........#... #.....#


You could see 2 gnolls.

Vanquished Creatures
  A gnoll (D:2)
  An ooze (D:1)
  3 dart slugs (D:1)
  A leopard gecko (D:2)
  A ball python (D:1)
  A giant cockroach (D:1)
  3 goblins (D:1)
  2 hobgoblins (D:1)
  6 bats
  2 frilled lizards (D:1)
  2 kobolds (D:1)
  4 rats (D:1)
27 creatures vanquished.

Notes
Turn   | Place    | Note
-------+----------+-------------------------------------------
     0 | D:1      | Mithandil the Deep Elf Conjurer began the quest for the
                  | Orb.
     0 | D:1      | Reached XP level 1. HP: 10/10 MP: 6/6
    89 | D:1      | Reached XP level 2. HP: 15/15 MP: 0/8
    93 | D:1      | Learned a level 2 spell: Searing Ray
   402 | D:1      | Reached XP level 3. HP: 13/19 MP: 7/10
   568 | D:2      | Slain by a gnoll

Levels and vault maps discovered:
D:1:      dpeg_arrival_fog, layout_rooms
D:2:      layout_rooms, fedhas_ov_isle_minmay, first_ration

Skill      XL: |  1  2 |
---------------+-------+-----
Stealth        | 3 |  3.2
Dodging        | 3 |  3.2
Spellcasting   | |  3.6
Conjurations   | |  4.8

Action                   || total
-------------------------++-------
Melee: Spear             ||    10
 Cast: Magic Dart        ||    42
       Searing Ray       ||     4
  Use: Scroll            ||     6
Armor: Robe              ||     3
Dodge: Dodged            ||    10

Table legend:
 A = Non-vault XP
 B = Vault XP
 C = Vault XP percentage of total XP
 D = Non-vault monster count
 E = Vault monster count
 F = Vault count percentage of total count
                 A         B        C        D         E       F
            +---------+---------+-------+---------+---------+-------
      Total |      67 |       0 |   0.0 |      27 |       0 |   0.0
            +---------+---------+-------+---------+---------+-------
        D:1 |      47 |       0 |   0.0 |      23 |       0 |   0.0
        D:2 |      20 |       0 |   0.0 |       4 |       0 |   0.0
            +---------+---------+-------+---------+---------+-------
